 Dungeon Crawl Stone Soup version 0.19.1 (webtiles) character file.

2913 Gargoyl the Chopper (level 9, -11/75 HPs)
             Began as a Ghoul Abyssal Knight on Dec 16, 2016.
             Was an Elder of Lugonu.
             Mangled by a red ugly thing (20 damage)
             ... on level 7 of the Dungeon.
             The game lasted 00:16:44 (5997 turns).

Gargoyl the Chopper (Ghoul Abyssal Knight)          Turns: 5997, Time: 00:16:45

Health: -11/75     AC: 23    Str: 19    XL:     9   Next: 78%
Magic:  12/12      EV:  7    Int:  7    God:    Lugonu [****..]
Gold:   254        SH:  0    Dex: 11    Spells: 0 memorised, 8 levels left

rFire  . . .     SeeInvis .     x - +0 battleaxe
rCold  + . .     Gourm    .     b - +1 plate armour
rNeg   + + +     Faith    .     (shield currently unavailable)
rPois  ∞         Spirit   .     B - +2 helmet "Qecigall" {MR+}
rElec  .         Reflect  .     r - +2 cloak
rCorr  .         Harm     .     l - +2 pair of gloves
MR     ++...                    (no boots)
Stlth  ..........               (no amulet)
                                q - ring of protection from magic
                                g - +3 ring of dexterity

@: rotting
A: rotting body, claws 1, carnivore 3, cold resistance 1, negative energy
resistance 3, slow regeneration 1, torment resistance, unbreathing
a: Depart the Abyss, Bend Space, Banish, Corrupt, Renounce Religion


You were on level 7 of the Dungeon.
You worshipped Lugonu.
Lugonu was greatly pleased with you.
You were not hungry.

You visited 1 branch of the dungeon, and saw 7 of its levels.
You visited the Abyss 1 time.
You also visited: Sewer.

You collected 254 gold pieces.

Inventory:

Hand Weapons
 a - a +1 hand axe
 k - a +2 dire flail
 s - a +0 spear
 x - a +0 battleaxe (weapon)
Missiles
 j - 14 tomahawks (quivered)
Armour
 b - a +1 plate armour (worn)
 l - a +2 pair of gloves (worn)
 r - a +2 cloak (worn)
 B - the +2 helmet "Qecigall" (worn) {MR+}
   (You found it on level 5 of the Dungeon)

   It affects your resistance to hostile enchantments.
Jewellery
 g - a +3 ring of dexterity (left hand)
 q - a ring of protection from magic (right hand)
 v - an uncursed ring of resist corrosion
 J - a +3 ring of evasion
Wands
 w - a wand of digging (9/24)
 E - a wand of acid (11/15)
 I - a wand of lightning (4/15)
Scrolls
 d - 2 scrolls of enchant armour
 t - a scroll of magic mapping
 u - 2 scrolls of remove curse
 y - 2 scrolls of amnesia
 A - a scroll of recharging
Potions
 f - 2 potions of flight {unknown}
 h - a potion of invisibility {unknown}
 i - 4 potions of agility {unknown}
 m - 3 potions of lignification {unknown}
 n - 8 potions of heal wounds
 o - 3 potions of brilliance {unknown}
 p - a potion of beneficial mutation {unknown}
 z - a potion of might
 C - a potion of berserk rage {unknown}
 D - 2 potions of magic {unknown}
Books
 e - a book of Misfortune

   Spells                             Type                      Level
   a - Confusing Touch                Hexes                        1
   b - Confuse                        Hexes                        3
   c - Gell's Gravitas                Hexes/Translocation          3
   d - Petrify                        Transmutation/Earth          4
   e - Metabolic Englaciation         Hexes/Ice                    5
   f - Yara's Violent Unravelling     Hexes/Transmutation          5
Comestibles
 c - 6 meat rations
 F - 2 chunks of flesh


   Skills:
 + Level 5.8 Fighting
 + Level 7.7 Axes
 * Level 6.7 Armour
 + Level 2.2 Dodging
 * Level 6.3 Invocations


You had 8 spell levels left.
You didn't know any spells.

Dungeon Overview and Level Annotations

Branches:
Dungeon (7/15)             Temple (0/1) D:6

Altars:
Ashenzari
Elyvilon
Fedhas
Gozag
Hepliaklqana
Kikubaaqudgha
Qazlal
Ru
Trog
Zin


Innate Abilities, Weirdness & Mutations

Your body is rotting away.
You thrive on raw meat.
You are immune to poison.
You have sharp fingernails.
You are carnivorous and can eat meat at any time.
Your flesh is cold resistant. (rC+)
You are immune to negative energy. (rN+++)
You regenerate slowly when monsters are visible.
You are immune to unholy pain and torment.
You can survive without breathing.


Message History

The red ugly thing is moderately wounded.
You barely miss the hound. The hound bites you but does no damage.
The red ugly thing barely misses you. The hound bites you but does no damage.
You hit the red ugly thing but do no damage.
The red ugly thing is moderately wounded.
You closely miss the hound. The hound bites you.
The red ugly thing engulfs you!
You are engulfed in flames!
The hound bites you but does no damage.
The red ugly thing engulfs you but does no damage.
You slash the red ugly thing!
The red ugly thing is heavily wounded.
You miss the hound.
The hound bites you but does no damage. x2
The red ugly thing engulfs you.
You are engulfed in flames!
* * * LOW HITPOINT WARNING * * *
Eat one of 2 chunks of flesh? (ye/n/q)
You start eating one of the 2 chunks of flesh.
The hound bites you but does no damage. The red ugly thing engulfs you.
* * * LOW HITPOINT WARNING * * *
You are engulfed in flames!!
You die...

#.# #.# #...### #^#.#
#.# #.# #..## #..# #
#.## #.# ####. #### #
#..###.# #.. ..#
###...##.# #.. #..#
##.#.#.#.# #.. #...#
.........# #..##.#..#
##.#.#.########.uh..!#
###...###.....##@...#
.?......)......##''##
####......####.....#
######## #######


You could see a red ugly thing and a hound.

Vanquished Creatures
  A hippogriff (D:7)
  An orc warrior (D:3)
  2 sky beasts (D:6)
  3 ogres
  3 centaurs (D:7)
  2 big kobolds
  6 bullfrogs
  3 scorpions
  3 wights (D:7)
  2 howler monkeys (D:7)
  3 crimson imps
  5 bullfrog skeletons
  Crazy Yiuf (D:3)
  A jelly (D:7)
  2 quasits (D:5)
  2 hounds
  An orc wizard (D:5)
  An iguana (D:4)
  A worker ant (D:4)
  A hound zombie (D:6)
  A hound skeleton (D:7)
  A worker ant zombie (D:5)
  11 adders
  4 gnolls
  2 river rats (D:6)
  An ooze (D:3)
  2 worms
  3 dart slugs
  2 leopard geckos
  12 orcs
  3 ball pythons
  14 giant cockroaches
  8 goblins
  8 hobgoblins
  3 jackals (D:1)
  23 kobolds
  A quokka (D:5)
  6 bats
  3 frilled lizards
  7 rats
  2 fungi (D:3)
161 creatures vanquished.

Vanquished Creatures (others)
  The ghost of Kloppie the Carver, a novice DrBe of Trog (D:7)
  A quokka (D:6)
2 creatures vanquished.

Grand Total: 163 creatures vanquished

Notes
Turn   | Place    | Note
-------+----------+-------------------------------------------
     0 | Abyss:1  | Gargoyl the Ghoul Abyssal Knight began the quest for the Orb.
     0 | Abyss:1  | Reached XP level 1. HP: 19/19 MP: 1/1
   105 | Abyss:2  | Noticed a small abomination
   119 | Abyss:2  | Noticed a small abomination
   124 | D:1      | Escaped the Abyss
   261 | D:1      | Reached skill level 2 in Axes
   261 | D:1      | Reached XP level 2. HP: 22/26 MP: 2/2
   382 | D:1      | Reached * piety under Lugonu
   435 | D:1      | Reached XP level 3. HP: 33/33 MP: 3/3
   734 | D:1      | HP: 1/33 [gnoll/spear (4)]
   866 | D:2      | Reached XP level 4. HP: 27/40 MP: 4/4
   875 | D:2      | Reached skill level 1 in Dodging
  1183 | D:2      | Found a stormy altar of Qazlal.
  1259 | D:2      | Found a blossoming altar of Fedhas.
  1378 | D:2      | Reached ** piety under Lugonu
  1513 | D:2      | Found a sacrificial altar of Ru.
  1610 | D:2      | Found an opulent altar of Gozag.
  1610 | D:2      | Found a glowing silver altar of Zin.
  2129 | D:3      | Reached XP level 5. HP: 41/46 MP: 6/6
  2173 | D:3      | Reached skill level 3 in Axes
  2407 | D:3      | Found a runed door.
  2411 | D:3      | Noticed Crazy Yiuf
  2422 | D:3      | Killed Crazy Yiuf
  2642 | D:4      | Noticed an orc warrior
  2783 | D:3      | Killed an orc warrior
  2783 | D:3      | Reached XP level 6. HP: 18/52 MP: 7/7
  3158 | D:4      | Reached skill level 4 in Axes
  3158 | D:4      | Reached XP level 7. HP: 28/58 MP: 8/8
  3352 | D:5      | Entered Level 5 of the Dungeon
  3465 | D:5      | Found a bloodstained altar of Trog.
  3489 | D:5      | Got a smoking helmet
  3513 | D:5      | Identified the +2 helmet "Qecigall" {MR+} (You found it on level 5 of the Dungeon)
  3614 | D:5      | Reached skill level 5 in Axes
  3614 | D:5      | Reached XP level 8. HP: 67/67 MP: 3/10
  3900 | D:6      | Reached *** piety under Lugonu
  3961 | D:6      | Reached skill level 5 in Armour
  4032 | D:6      | Reached skill level 5 in Fighting
  4041 | D:6      | Found a white marble altar of Elyvilon.
  4100 | D:6      | Found a glowing drain.
  4154 | Sewer    | Entered a sewer
  4555 | D:6      | Reached skill level 6 in Axes
  4785 | D:6      | Found a hazy altar of Hepliaklqana.
  4785 | D:6      | Found an ancient bone altar of Kikubaaqudgha.
  4790 | D:6      | Found a faded altar of an unknown god.
  4792 | D:6      | Found a faded altar of an unknown god.
  4794 | D:6      | Found a shattered altar of Ashenzari.
  4857 | D:6      | Reached skill level 5 in Invocations
  4862 | D:6      | Found a staircase to the Ecumenical Temple.
  5205 | D:6      | Reached **** piety under Lugonu
  5205 | D:6      | Reached XP level 9. HP: 63/74 MP: 11/11
  5391 | D:7      | Noticed Kloppie's ghost (novice DrBe)
  5410 | D:7      | Banished Kloppie's ghost
  5410 | D:7      | Reached skill level 7 in Axes
  5529 | D:7      | Identified a +3 rod of shadows (13/13) (You found it on level 5 of the Dungeon)
  5980 | D:7      | Noticed a red ugly thing
  5997 | D:7      | Mangled by a red ugly thing

Skill      XL: |  1  2  3  4  5  6  7  8  9 |
---------------+----------------------------+-----
Armour         | 2 3 4 5 6 |  6.7
Axes           | 2 3 4 5 6 7 |  7.7
Dodging        | 1 2 |  2.2
Invocations    | 3 4 5 6 |  6.3
Fighting       | 4 5 |  5.8

Action                   |  1- 3 |  4- 6 |  7- 9 || total
-------------------------+-------+-------+-------++-------
Melee: Hand axe          |   104 |   205 |       ||   309
       Battleaxe         |       |    12 |   536 ||   548
Invok: Depart the Abyss  |     1 |       |       ||     1
       Banish            |       |       |     2 ||     2
  Use: Scroll            |       |     7 |    11 ||    18
       Potion            |       |     3 |       ||     3
  Eat: Chunk             |    14 |    24 |    41 ||    79
       Meat ration       |       |     1 |       ||     1
Armor: Ring mail         |    66 |    78 |       ||   144
       Plate armour      |       |    36 |   650 ||   686
Dodge: Dodged            |    87 |   108 |   282 ||   477
